 Dungeon Crawl Stone Soup version 0.27-a0-323-gbd089401bb (webtiles) character file.

Game seed: 5569359763005798014

2527 wampuh the Carver (level 9, -4/79 HPs)
             Began as a Palentonga Fighter on Feb 10, 2021.
             Was a Believer of Cheibriados.
             Slain by a white ugly thing (32 damage)
             ... on level 6 of the Dungeon.
             The game lasted 00:17:06 (8326 turns).

wampuh the Carver (Palentonga Fighter)              Turns: 8326, Time: 00:17:07

Health: -4/79      AC: 23    Str: 30    XL:     9   Next: 29%
Magic:  3/13       EV:  4    Int: 14    God:    Cheibriados [**....]
Gold:   363        SH: 11    Dex: 15    Spells: 8/8 levels left

rFire    . . .     SeeInvis +   a - +2 long sword
rCold    . . .     Faith    .   c - +0 kite shield
rNeg     . . .     Spirit   .   E - +0 plate armour
rPois    +         Reflect  .   e - +1 helmet
rElec    .         Harm     .   (no cloak)
rCorr    .         Rampage  .   (no gloves)
Will     .....                  (no barding)
Stlth    ..........             (no amulet)
HPRegen  0.23/turn              s - ring of poison resistance
MPRegen  0.13/turn              A - +4 ring of protection

@: curled up, very slow
A: large, rugged brown scales 3, see invisible, deformed body, roll 1, armoured
tail, reflexive curl
a: Rolling Charge, Renounce Religion, Bend Time


You were on level 6 of the Dungeon.
You worshipped Cheibriados.
Cheibriados was pleased with you.
You visited 1 branch of the dungeon, and saw 6 of its levels.
You also visited: Sewer.

You collected 363 gold pieces.

Inventory:

Hand Weapons
 a - a +2 long sword (weapon)
 B - a +0 dagger
 D - a +0 halberd
Missiles
 m - 14 javelins (quivered)
Armour
 c - a +0 kite shield (worn)
 e - a +1 helmet (worn)
 u - the +3 robe "Hopenn" {rC+ Str+3}
   (You found it on level 6 of the Dungeon)

   It affects your strength (+3).
   It protects you from cold.
 E - a +0 plate armour (worn)
Jewellery
 r - a +4 ring of evasion
 s - a ring of poison resistance (left hand)
 y - a ring of magical power
 A - a +4 ring of protection (right hand)
Wands
 q - a wand of flame (17)
Scrolls
 b - a scroll of magic mapping
 f - 3 scrolls of immolation
 j - 6 scrolls of identify
 l - 2 scrolls of amnesia
 v - 3 scrolls of silence {unknown}
Potions
 d - a potion of brilliance {unknown}
 h - 2 potions of curing {unknown}
 i - 3 potions of attraction {unknown}
 k - 3 potions of lignification {unknown}
 n - a potion of might
 o - a potion of cancellation {unknown}
 p - a potion of invisibility {unknown}
 t - a potion of heal wounds
 w - 3 potions of resistance
 x - a potion of mutation {unknown}
 z - a potion of magic {unknown}
 C - a potion of flight {unknown}


   Skills:
 - Level 5.0 Fighting
 - Level 8.0 Long Blades
 + Level 4.8 Armour
 + Level 4.9 Shields
 - Level 6.0 Invocations


You had 8 spell levels left.
You didn't know any spells.
Your spell library contained the following spells:

 Spells                   Type           Power        Failure   Level
 Magic Dart               Conj           0%           100%        1
 Blink                    Tloc           N/A          100%        2
 Call Imp                 Summ           0%           100%        2
 Slow                     Hex            0%           100%        2
 Conjure Flame            Conj/Fire      0%           100%        3
 Mephitic Cloud           Conj/Pois/Air  0%           100%        3


Dungeon Overview and Level Annotations

Branches:
Dungeon (6/15)             Temple (0/1) D:5           Sewer (visited)

Altars:
Cheibriados
Gozag
Okawaru
Zin


Innate Abilities, Weirdness & Mutations

You are completely covered in rugged brown scales. (AC +3, +7% HP)
You have supernaturally acute eyesight. (SInv)
Armour fits poorly on your strangely shaped body.
You can roll at nearby foes to attack.
You have a long armoured tail.
You curl defensively after being hit.


Message History

You see here a steaming robe.
u - a steaming robe
As you read the scroll of identify, it crumbles to dust.
u - the +3 robe "Hopenn" {rC+ Str+3} A white ugly thing comes into view.
The white ugly thing gurgles horribly!
Throw: 14 javelins
Press: ? - help, Q - select action, (/) - cycle Shift-Dir - straight line, f - white ugly thing
Aim: a white ugly thing (62% to hit)
Okay, then.
Okay, then.
Okay, then.
Roll where?
Press: ? - help, Dir - move target, f - white ugly thing
Aim: a white ugly thing You roll forward with a clatter of scales!
You slash the white ugly thing!
The white ugly thing is lightly wounded.
You block the white ugly thing's attack.
The flow of time bends around you.
Cheibriados rebukes the white ugly thing.
The white ugly thing seems to slow down.
The white ugly thing bites you. The white ugly thing freezes you!!
You hit the white ugly thing. You tail-slap the white ugly thing.
The white ugly thing is moderately wounded.
The white ugly thing bites you! The white ugly thing freezes you!!
You warp the flow of time around you!
Cheibriados lowers the support of your attributes as your movement quickens.
You warp the flow of time around you!
You can no longer warp the flow of time around you.
The white ugly thing is no longer moving slowly.
As you read the scroll of enchant weapon, it crumbles to dust.
Your +1 long sword glows red for a moment.
You slash the white ugly thing! You tail-slap the white ugly thing.
The white ugly thing is moderately wounded.
The white ugly thing bites you but does no damage.
You hit the white ugly thing. You tail-slap the white ugly thing!
The white ugly thing is heavily wounded.
The white ugly thing bites you. The white ugly thing freezes you!!
You die...

### ###.# #...#
######## ####..###
#......# ........####
#......#
####..#....#####@.....#
#........#.....u......#
.........######.......#
.........##. ........#
...>........ ###......#
.........#### ########
............##
.###.........##
.##...........#


You could see a white ugly thing.

Vanquished Creatures
  Sigmund (D:2)
  Eustachio (D:6)
  A water moccasin (D:5)
  An orc warrior (D:6)
  Duvessa (D:5)
  Purgy (Sewer)
  An ice beast (D:6)
  3 centaurs
  4 ogres
  A phantom (D:5)
  A gnoll sergeant (D:6)
  Dowan (D:5)
  2 scorpions (D:5)
  A howler monkey (D:4)
  A centaur zombie (D:6)
  3 hounds (D:6)
  5 orc priests
  2 bullfrog skeletons
  A gnoll shaman (D:6)
  3 orc wizards
  A worker ant (D:5)
  Robin (D:2)
  12 adders
  9 gnolls
  A shadow imp (D:5)
  An ufetubus (D:6)
  An ooze (D:4)
  An adder skeleton (D:5)
  2 worms (D:2)
  8 dart slugs
  3 leopard geckos
  13 orcs
  5 bats
  5 giant cockroaches
  12 goblins
  19 hobgoblins
  11 jackals
  5 quokkas
  6 ball pythons
  5 frilled lizards
  11 kobolds
  6 rats
173 creatures vanquished.

Vanquished Creatures (others)
  34 plants (D:6)
34 creatures vanquished.

Grand Total: 207 creatures vanquished

Notes
Turn   | Place    | Note
-------+----------+-------------------------------------------
     0 | D:1      | wampuh the Palentonga Fighter began the quest for the Orb.
     0 | D:1      | Reached XP level 1. HP: 20/20 MP: 1/1
   194 | D:1      | Reached XP level 2. HP: 17/27 MP: 2/2
   761 | D:2      | Reached XP level 3. HP: 33/33 MP: 3/3
  1493 | D:2      | Found a glowing silver altar of Zin.
  1648 | D:2      | Found an opulent altar of Gozag.
  1649 | D:2      | Found a snail-covered altar of Cheibriados.
  1663 | D:2      | Reached XP level 4. HP: 23/40 MP: 4/4
  1836 | D:2      | Became a worshipper of Cheibriados the Contemplative
  2074 | D:2      | Noticed Robin
  2077 | D:2      | Killed Robin
  2079 | D:2      | Noticed Sigmund
  2080 | D:2      | Reached skill level 3 in Long Blades
  2093 | D:2      | Killed Sigmund
  2094 | D:2      | Reached XP level 5. HP: 39/50 MP: 2/6
  2094 | D:2      | Reached XP level 6. HP: 43/56 MP: 2/7
  2324 | D:2      | Reached skill level 5 in Fighting
  2731 | D:3      | Reached skill level 4 in Long Blades
  2790 | D:3      | Reached * piety under Cheibriados
  3478 | D:4      | HP: 1/59 [ogre/+0 giant spiked club (22)]
  3480 | D:4      | Gained mutation: You curl defensively after being hit.
                  | [Palentonga growth]
  3480 | D:4      | Reached XP level 7. HP: 2/65 MP: 9/9
  4023 | D:4      | Reached skill level 5 in Long Blades
  4790 | D:5      | Entered Level 5 of the Dungeon
  4981 | D:5      | Found a staircase to the Ecumenical Temple.
  4986 | D:5      | Found an iron altar of Okawaru.
  6012 | D:5      | Noticed Dowan
  6012 | D:5      | Noticed Duvessa
  6037 | D:5      | Reached XP level 8. HP: 30/72 MP: 11/11
  6039 | D:5      | Killed Duvessa
  6040 | D:5      | Reached skill level 6 in Long Blades
  6048 | D:5      | Killed Dowan
  6049 | D:5      | Reached skill level 5 in Invocations
  6538 | D:6      | Reached ** piety under Cheibriados
  6620 | D:6      | Noticed Eustachio
  6624 | D:6      | Found a glowing drain.
  6630 | Sewer    | Entered a sewer
  7229 | Sewer    | Noticed Purgy
  7240 | Sewer    | Killed Purgy
  7241 | Sewer    | Reached skill level 7 in Long Blades
  7376 | D:6      | Killed Eustachio
  7424 | D:6      | Reached XP level 9. HP: 63/79 MP: 13/13
  7709 | D:6      | Reached *** piety under Cheibriados
  7970 | D:6      | Reached skill level 8 in Long Blades
  8264 | D:6      | Got a steaming robe
  8265 | D:6      | Identified the +3 robe "Hopenn" {rC+ Str+3} (You found it
                  | on level 6 of the Dungeon)
  8315 | D:6      | Noticed a white ugly thing
  8326 | D:6      | Slain by a white ugly thing

Illustrated notes

Levels and vault maps discovered:
D:1:      minmay_arrival_loop, layout_rooms, minmay_shallow_snake_nest
D:2:      layout_loops_ring, nicolae_overflow_crystal_walls,
          gammafunk_temple_overflow_pools, grunt_ministairs_4, uniq_robin,
          uniq_sigmund
D:3:      kennysheep_slugbush, layout_rooms
D:4:      layout_loops_corners, grunt_decor_fettered
D:5:      layout_basic, minmay_temple_entry_hall, basic_altar, uniq_duvessa
D:6:      kennysheep_housing_project, layout_rooms, portal_sewer_entry_b,
          minmay_misc_feat_alley, uniq_eustachio

Skill      XL: |  1  2  3  4  5  6  7  8  9 |
---------------+----------------------------+-----
Armour         | 3 4 |  4.8
Shields        | 3 4 |  4.9
Long Blades    | 3 4 5 7 8 |  8.0
Fighting       | 4 5 |  5.0
Invocations    | 2 3 4 5 6 |  6.0

Action                   |  1- 3 |  4- 6 |  7- 9 || total
-------------------------+-------+-------+-------++-------
Melee: Long sword        |   130 |   130 |   327 ||   587
       Tailslap          |     9 |    16 |    67 ||    92
Throw: Javelin           |       |     8 |       ||     8
Invok: Bend Time         |       |     4 |     9 ||    13
       Temporal Distorti |       |       |     2 ||     2
 Abil: Rolling Charge    |     8 |    13 |    15 ||    36
  Use: Potion            |     1 |       |     2 ||     3
       Scroll            |       |       |    14 ||    14
Armor: Scale mail        |    71 |    63 |   159 ||   293
       Leather armour    |       |       |    43 ||    43
       Plate armour      |       |       |     1 ||     1
Dodge: Dodged            |    31 |    24 |   103 ||   158
Block: Kite shield       |    62 |    86 |   219 ||   367
       Rpst.: Long sword |     6 |     9 |    32 ||    47

Table legend: (Time is in decaauts)
 A = Elapsed time spent in this place.
 B = Non-inter-level travel time spent in this place.
 C = Inter-level travel time spent in this place.
 D = Time resting spent in this place.
 E = Time spent auto-exploring this place.
 F = Levels seen in this place.
 G = Mean time per level.
                   A        B        C        D        E       F      G
               +--------+--------+--------+--------+--------+-----+--------+
         Total |   9792 |   9650 |    142 |   3593 |   4407 |   7 | 1398.9 |
       Dungeon |   9044 |   8902 |    142 |   3060 |   4264 |   6 | 1507.3 |
         Sewer |    747 |    747 |      0 |    533 |    143 |   1 |  747.0 |
               +--------+--------+--------+--------+--------+-----+--------+

Top non-repeatable levels by time:
     D:2: 2153 daAuts
     D:5: 2022 daAuts
     D:4: 1762 daAuts
     D:6: 1521 daAuts
     D:1: 795 daAuts
     D:3: 789 daAuts
   Sewer: 747 daAuts
